 Dungeon Sprint DCSS version 0.21.2 (webtiles) character file.

819 Fang the Fighter (level 7, 0/54 HPs)
             Began as a Gargoyle Berserker on Dec 21, 2018.
             Was a High Priest of Trog.
             Slain by a shadow wraith (7 damage)
             ... in the Dungeon (Sprint VII: "The Pits").
             The game lasted 00:00:49 (547 turns).

Fang the Fighter (Gargoyle Berserker)                Turns: 547, Time: 00:00:49

Health: 0/54       AC: 18    Str: 22    XL:     7   Next: 95%
Magic:  7/7        EV: 10    Int:  8    God:    Trog [*****.]
Gold:   0          SH:  0    Dex:  9    Spells: 6/6 levels left

rFire    . . .     SeeInvis .   m - +0 hand axe (chop)
rCold    . . .     Gourm    .   (no shield)
rNeg     + . .     Faith    .   n - +3 chain mail
rPois    ∞         Spirit   .   (no helmet)
rElec    +         Reflect  .   (no cloak)
rCorr    .         Harm     .   (no gloves)
MR       .....     NoTele   +   (no boots)
Stlth    ..........             (no amulet)
HPRegen  0.18/turn              (no ring)
MPRegen  0.10/turn              (no ring)

@: slowed, very slow
A: negative energy resistance 1, electricity resistance, unbreathing,
petrification resistance, rot immunity, AC +4
a: Berserk, Trog's Hand, Brothers in Arms, Burn Spellbooks, Renounce Religion


You were in the Dungeon.
You worshipped Trog.
Trog was extremely pleased with you.
You were very hungry.

You visited 1 branch

Inventory:

Hand Weapons
 j - a +2 hand axe
 m - a +0 hand axe of chopping (weapon)
Armour
 b - a +0 animal skin
 n - a +3 chain mail (worn)
Scrolls
 i - a scroll of blinking
 k - 3 scrolls of remove curse
 l - a scroll of summoning
Potions
 a - 2 potions of invisibility
 d - 6 potions of curing
 e - 6 potions of heal wounds
 f - a potion of haste
 g - 4 potions of magic
 h - 3 potions of berserk rage
Comestibles
 c - 9 rations


   Skills:
 + Level 11.1 Fighting
 + Level 10.2 Axes
 + Level 6.8 Armour
 + Level 5.2 Dodging


You had 6 spell levels left.
You didn't know any spells.

Dungeon Overview and Level Annotations

Branches:
Dungeon (1/1)

Altars:
Gozag
Hepliaklqana
Sif Muna
Trog
Jiyva


Innate Abilities, Weirdness & Mutations

You are resistant to torment.
Your stone body is resilient. (AC +4)
You are immune to poison.
You resist negative energy. (rN+)
You are resistant to electric shocks. (rElec)
You can survive without breathing.
You are immune to petrification.
You are immune to rotting.


Message History

You open the door.
You hear a chilling moan.
Deactivating autopickup; reactivate with Ctrl-A.
You hit something but do no damage. You hit something but do no damage.
Something hits you. Something drains your vigour!
You feel yourself slow down.
You hit something. Something hits you but does no damage.
You hit something. Something hits you! x2
You closely miss something. Something hits you!
* * * LOW HITPOINT WARNING * * *
Something drains your vigour!
You feel as though you will be slow longer.
You closely miss something. Something hits you!
* * * LOW HITPOINT WARNING * * *
You hit something but do no damage. Something hits you.
* * * LOW HITPOINT WARNING * * *
Something drains your vigour!
You feel as though you will be slow longer.
You hit something. Something hits you!
You die...

#.#........##.......#
#'###########.......#
#.......# #########
#..#.#..# #(##.##.#
#.......#+#
#.##.##.#.+
#..#.#..#{#
#.......†@#
###########


There were no monsters in sight!

Vanquished Creatures
  A flying skull (D)
  2 fire bats (D)
  2 floating eyes (D)
  2 scorpions (D)
  A crimson imp (D)
  A worker ant (D)
  A ball python (D)
  A bat (D)
  A hobgoblin (D)
  2 jackals (D)
  2 frilled lizards (D)
  A rat (D)
17 creatures vanquished.

Notes
Turn   | Place    | Note
-------+----------+-------------------------------------------
     0 | D        | Fang the Gargoyle Berserker began the quest for the Orb.
     0 | D        | Reached XP level 1. HP: 14/14 MP: 1/1
    52 | D        | Noticed a floating eye
    55 | D        | Paralysed by a floating eye for 3 turns
    59 | D        | Paralysed by a floating eye for 4 turns
    63 | D        | Killed a floating eye
    63 | D        | Reached ** piety under Trog
    63 | D        | Reached skill level 6 in Fighting
    63 | D        | Reached skill level 5 in Axes
    63 | D        | Reached XP level 2. HP: 23/23 MP: 2/2
    63 | D        | Reached XP level 3. HP: 28/28 MP: 3/3
    63 | D        | Reached XP level 4. HP: 32/32 MP: 4/4
    70 | D        | Reached skill level 7 in Fighting
    77 | D        | Noticed a fire bat
    79 | D        | Reached *** piety under Trog
    84 | D        | Reached XP level 5. HP: 38/38 MP: 5/5
    86 | D        | Killed a fire bat
    86 | D        | Reached skill level 9 in Fighting
    86 | D        | Reached XP level 6. HP: 46/46 MP: 6/6
   218 | D        | Found a bloodstained altar of Trog.
   218 | D        | Found a deep blue altar of Sif Muna.
   218 | D        | Found a viscous altar of Jiyva.
   218 | D        | Found a hazy altar of Hepliaklqana.
   218 | D        | Found an opulent altar of Gozag.
   243 | D        | Noticed a floating eye
   244 | D        | Paralysed by a floating eye for 2 turns
   249 | D        | Received a gift from Trog
   251 | D        | Killed a floating eye
   251 | D        | Reached **** piety under Trog
   251 | D        | Reached skill level 5 in Armour
   255 | D        | Reached skill level 10 in Fighting
   257 | D        | Noticed a flying skull
   258 | D        | Noticed a fire bat
   277 | D        | Reached XP level 7. HP: 29/52 MP: 7/7
   278 | D        | Killed a flying skull
   279 | D        | Killed a fire bat
   279 | D        | Reached skill level 11 in Fighting
   279 | D        | Reached skill level 10 in Axes
   279 | D        | Reached skill level 5 in Dodging
   536 | D        | Reached ***** piety under Trog
   547 | D        | Slain by a shadow wraith

Skill      XL: |  1  2  3  4  5  6  7 |
---------------+----------------------+-----
Axes           | 5 6 7 9 10 | 10.2
Fighting       | 6 7 9 10 11 | 11.1
Armour         | 3 4 5 6 |  6.8
Dodging        | 2 3 4 5 |  5.2

Action                   |  1- 3 |  4- 6 |  7- 9 || total
-------------------------+-------+-------+-------++-------
Melee: Hand axe          |    10 |    42 |    16 ||    68
Invok: Berserk           |       |     2 |       ||     2
Armor: Animal skin       |     1 |     7 |       ||     8
       Chain mail        |       |    36 |     1 ||    37
Dodge: Dodged            |     3 |    29 |     5 ||    37
